 Dungeon Crawl Stone Soup version 0.20-a0-876-g2c7b0bf (webtiles) character file.

15 M4edhros the Grave Robber (level 2, -2/17 HPs)
             Began as an Octopode Necromancer on Mar 14, 2017.
             Slain by a hobgoblin
             ... wielding a +0 club
              (5 damage)
             ... on level 3 of the Dungeon.
             The game lasted 00:02:37 (393 turns).

M4edhros the Grave Robber (Octopode Necromancer)     Turns: 393, Time: 00:02:37

Health: -2/17      AC:  1    Str:  7    XL:     2   Next: 50%
Magic:  4/5        EV: 13    Int: 17    God:
Gold:   13         SH:  0    Dex: 12    Spells: 4/5 levels left

rFire    x . .     SeeInvis .   e - +0 mace
rCold    + . .     Gourm    .   (no shield)
rNeg     . . .     Faith    .   (helmet restricted)
rPois    .         Spirit   .   (no amulet)
rElec    .         Reflect  .   f - ring of ice
rCorr    .         Harm     .   (no ring)
MR       .....                  (no ring)
Stlth    +++.......             (no ring)
Regen    0.1/turn               (no ring)
MPRegen  0.1/turn               (no ring)
                                (no ring)
                                (no ring)

@: no status effects
A: almost no armour, stealthy swim, amphibious, 8 rings, constrict 8, camouflage
1, gelatinous body 1
a: no special abilities


You were on level 3 of the Dungeon.
You were not hungry.

You visited 1 branch of the dungeon, and saw 3 of its levels.

You collected 13 gold pieces.

Inventory:

Hand Weapons
 c - a +0 club
 e - a +0 mace (weapon)
 g - a +0 hunting sling
Missiles
 d - 81 stones (quivered)
Jewellery
 f - a ring of ice (left tentacle)
Scrolls
 h - a scroll of magic mapping {unknown}
 i - a scroll of enchant armour {unknown}
 k - a scroll of immolation {unknown}
 l - a scroll of fear {unknown}
Books
 a - a book of Necromancy

   Spells                             Type                      Level
   a - Pain                           Necromancy                   1
   b - Animate Skeleton               Necromancy                   1
   c - Vampiric Draining              Necromancy                   3
   d - Regeneration                   Charms/Necromancy            3
   e - Animate Dead                   Necromancy                   4
   f - Control Undead                 Necromancy                   4
Comestibles
 b - a bread ration
 j - a fruit


   Skills:
 + Level 0.2 Fighting
 + Level 0.2 Maces & Flails
 + Level 2.0 Dodging
 + Level 2.9 Stealth
 + Level 2.1 Spellcasting
 + Level 4.3 Necromancy


You had 4 spell levels left.
You knew the following spells:

 Your Spells              Type           Power        Failure   Level  Hunger
a - Pain                  Necr           ###.         3%          1    #......


Dungeon Overview and Level Annotations

Branches:
Dungeon (3/15)

Altars:

Annotations:
D:2 Ijyb
D:3 Toogi's ghost, amateur DsFi


Innate Abilities, Weirdness & Mutations

You cannot wear most types of armour.
You are very stealthy in the water. (Stealth+)
You are amphibious.
You can wear up to eight rings at the same time.
You can use your tentacles to constrict eight enemies at once.
Your skin changes colour to match your surroundings (Stealth+).
Your rubbery body absorbs attacks. (AC +1, EV +1)


Message History

Here: Toogi's ghost (hasn't noticed you)
The floor.
There are monsters nearby!
Press: ? - help, v - describe, . - travel
Here: Toogi's ghost (hasn't noticed you)
The floor.
Press: ? - help, v - describe, . - travel
Here: Toogi's ghost (hasn't noticed you)
The floor.
There are monsters nearby!
Unknown command.
Unknown command.
A worm comes into view.
A hobgoblin and an orc come into view.
An ooze comes into view.
Found an escape hatch in the ceiling.
You aren't carrying any potions.
The ooze quivers.
The hobgoblin hits you with a club.
You die...

....>..<...# .#...
..o...#..##.##...#
.##.###.##..#..#...#
!... ..###..#....#
#..##........o..# #
#<......####....##
#.#.J.....# #.....##
#.........####.#....#
#....@..#..o..#.....
#..W..g..w###...#.##
#.......#.# ##...#
#.......### #....
######### .... ... ..


You could see a worm, Toogi's ghost (wandering), an ooze and a hobgoblin.

Vanquished Creatures
  A leopard gecko (D:2)
  3 bats (D:2)
  2 giant cockroaches
  2 goblins (D:1)
  A hobgoblin (D:2)
  2 frilled lizards
  A kobold (D:1)
  A rat (D:1)
13 creatures vanquished.

Notes
Turn   | Place    | Note
-------+----------+-------------------------------------------
     0 | D:1      | M4edhros the Octopode Necromancer began the quest for the Orb.
     0 | D:1      | Reached XP level 1. HP: 11/11 MP: 3/3
   254 | D:2      | Noticed Ijyb
   257 | D:2      | Reached XP level 2. HP: 8/17 MP: 1/5
   377 | D:3      | Noticed Toogi's ghost (amateur DsFi)
   393 | D:3      | Slain by a hobgoblin

Vault maps used:
D:1:      matt_arrival_grand_opening, grunt_decor_arrowhead
D:2:      guppyfry_early_lair_pool, uniq_iyjb
D:3:      demons_altar

Action                   || total
-------------------------++-------
Melee: Mace              ||    10
       Constrict         ||     2
       Tentacles         ||     1
 Cast: Pain              ||    18
 Stab: Sleeping          ||     3
Armor: Skin              ||     3
Dodge: Dodged            ||    13
